 Dungeon Crawl Stone Soup version 0.30-a0-1085-g990a428a5c (webtiles) character file.

Game seed: 8213717168439040265

245 fortdeath9 the Trooper (level 5, -7/47 HPs)
             Began as a Minotaur Fighter on Apr 17, 2023.
             Mangled by a gnoll
             ... wielding a +0 halberd
             ... led by a gnoll bouda
              (10 damage)
             ... on level 4 of the Dungeon.
             The game lasted 00:13:33 (1611 turns).

fortdeath9 the Trooper (Minotaur Fighter)           Turns: 1611, Time: 00:13:34

Health: -7/47      AC:  8    Str: 23    XL:     5   Next: 83%
Magic:  4/4        EV:  9    Int:  5    God:
Gold:   142        SH:  9    Dex:  9    Spells: 4/4 levels left

rFire   x x .      SeeInvis .    a - +0 war axe
rCold   + + .      Faith    .    c - +0 buckler
rNeg    . . .      Spirit   .    b - +1 scale mail
rPois   .          Reflect  +    (helmet restricted)
rElec   .          Rampage  .    (no cloak)
rCorr   .                        (no gloves)
Will    .....                    (no boots) Stlth
                                 h - amulet of reflection
HPRegen 0.27/turn                k - ring of ice
MPRegen 0.09/turn                m - ring of ice

@: no status effects
A: horns 2, retaliatory headbutt
a: no special abilities


You were on level 4 of the Dungeon.
You visited 1 branch of the dungeon, and saw 4 of its levels.

You collected 142 gold pieces.

Inventory:

Hand Weapons
 a - a +0 war axe (weapon)
Missiles
 p - 5 poisoned darts (quivered)
 q - 10 stones
Armour
 b - a +1 scale mail (worn)
 c - a +0 buckler (worn)
Jewellery
 h - an amulet of reflection (around neck)
 k - a ring of ice (left hand)
 m - a ring of ice (right hand)
Wands
 l - a wand of charming (7)
Scrolls
 e - 2 scrolls of teleportation
 f - a scroll of enchant armour
 g - a scroll of vulnerability {unknown}
 j - a scroll of poison {unknown}
 n - a scroll of identify {unknown}
 r - a scroll of silence {unknown}
 s - a scroll of noise {unknown}
Potions
 d - a potion of might
 i - 2 potions of curing {unknown}
 o - a potion of brilliance {unknown}


   Skills:
 + Level 4.9 Fighting
 * Level 4.8 Axes
 + Level 4.8 Armour
 + Level 4.9 Shields


You had 4 spell levels left.
You didn't know any spells.
Your spell library contained the following spells:

 Spells                   Type           Power      Damage    Failure   Level
 Inner Flame              Hex/Fire       0%         N/A       99%         3
 Stone Arrow              Conj/Erth      0%         3d7       99%         3
 Animate Armour           Summ/Erth      0%         N/A       100%        4
 Flame Wave               Conj/Fire      0%         2d4       100%        4
 Sticky Flame             Conj/Fire      0%         2d3       100%        4
 Lehudib's Crystal Spear  Conj/Erth      0%         10d2      100%        8


Dungeon Overview and Level Annotations

Branches:
Dungeon (4/15)
 Temple: D:4-7

Altars:
Elyvilon
Nemelex Xobeh
Zin
The Shining One


Innate Abilities, Weirdness & Mutations

You have a pair of horns on your head.
You reflexively headbutt those who attack you in melee.


Message History

You block the kobold's attack.
You slash the kobold!
You kill the kobold!
You hit the gnoll bouda. Your headbutt misses the gnoll bouda.
The gnoll bouda is moderately wounded.
The gnoll bouda barks out a call to the hunt!
The gnoll picks up the pace!
You closely miss the gnoll bouda.
The gnoll bouda is moderately wounded.
Your attacks no longer feel as feeble.
The gnoll bouda barely misses you. You block the gnoll's attack.
You slash the gnoll bouda!
You kill the gnoll bouda!
The gnoll closely misses you.
You hit the gnoll.
The gnoll is moderately wounded.
The gnoll is no longer moving quickly.
The gnoll hits you with a +0 club. The gnoll hits you but does no damage.
The gnoll barely misses you. You furiously retaliate!
You headbutt the gnoll. You closely miss the gnoll.
The gnoll is heavily wounded.
The gnoll hits you from afar with a +0 halberd.
* * * LOW HITPOINT WARNING * * *
The gnoll hits you but does no damage.
You barely miss the gnoll.
The gnoll is moderately wounded.
The gnoll closely misses you.
The gnoll hits you but does no damage. x2
You barely miss the gnoll. Your headbutt misses the gnoll.
The gnoll is moderately wounded.
The gnoll closely misses you. You block the gnoll's attack.
The gnoll barely misses you. You furiously retaliate!
You headbutt the gnoll. You hit the gnoll.
The gnoll is severely wounded.
The gnoll hits you from afar with a +0 halberd!
* * * LOW HITPOINT WARNING * * *
The gnoll hits you but does no damage.
You slash the gnoll!
You kill the gnoll!
The gnoll hits you from afar with a +0 halberd!
You die...

#......#.#
##......#.#
..........#.#######
##........#........
#........#.#######
#..#######.# #..
#.# #.. #.# .. ##
#@# .#. #<##)# ..
#..g.# ##.####
#g.#### .......
#...g)# .......
#.......#.# ....#
##..#...#.g) .#
#..#.####### <#
......


You could see a gnoll.

Vanquished Creatures
  A hound (D:2)
  A jelly (D:4)
  A gnoll bouda (D:4)
  Jessica (D:2)
  3 gnolls
  4 adders
  A worm (D:2)
  2 dart slugs
  2 orcs (D:3)
  6 endoplasms
  11 goblins
  11 hobgoblins
  5 kobolds
  5 quokkas
  4 ball pythons
  5 bats
  2 rats
65 creatures vanquished.

Notes
Turn   | Place    | Note
-------+----------+-------------------------------------------
     0 | D:1      | fortdeath9 the Minotaur Fighter began the quest for the
                  | Orb.
     0 | D:1      | Reached XP level 1. HP: 19/19 MP: 0/0
    97 | D:1      | Reached XP level 2. HP: 27/27 MP: 1/1
   141 | D:1      | You fall into a shaft and drop 1 floor!
   162 | D:2      | Noticed Jessica
   180 | D:2      | Killed Jessica
   181 | D:2      | Reached XP level 3. HP: 27/33 MP: 2/2
   399 | D:2      | Reached XP level 4. HP: 40/40 MP: 3/3
   931 | D:3      | Found a sparkling altar of Nemelex Xobeh.
  1052 | D:3      | Reached XP level 5. HP: 37/47 MP: 4/4
  1247 | D:3      | Found a white marble altar of Elyvilon.
  1422 | D:4      | Found a glowing golden altar of the Shining One.
  1481 | D:4      | Found a glowing silver altar of Zin.
  1611 | D:4      | Mangled by a gnoll

Illustrated notes

Levels and vault maps discovered:
D:1:      amcnicky_arrival_wind_blow, layout_basic, minmay_pentomino_p2
D:2:      layout_loops_ring, minmay_unequal, uniq_jessica
D:3:      layout_basic, nemelex_xobeh_ov_fountains_minmay,
          overflow_temple_1_default, minmay_goblin_kobold_house
D:4:      layout_basic, tso_metal_star, zin_academy, minmay_temple_entry_trees

Skill      XL: |  1  2  3  4 |
---------------+-------------+-----
Fighting       | 4 |  4.9
Axes           | 3 4 |  4.8
Armour         | 4 |  4.8
Shields        | 4 |  4.9

Action                     |  1- 3 |  4- 6 || total
---------------------------+-------+-------++-------
  Melee: War axe           |    43 |   101 ||   144
         Headbutt          |     9 |    15 ||    24
    Use: Scroll            |     2 |     1 ||     3
 Armour: Scale mail        |    22 |    31 ||    53
  Dodge: Dodged            |    19 |    34 ||    53
  Block: Buckler           |    12 |    47 ||    59
         Reflection        |       |     1 ||     1

Table legend: (Time is in decaauts)
 A = Elapsed time spent in this place.
 B = Non-inter-level travel time spent in this place.
 C = Inter-level travel time spent in this place.
 D = Time resting spent in this place.
 E = Time spent auto-exploring this place.
 F = Levels seen in this place.
 G = Mean time per level.
                   A        B        C        D        E       F      G
               +--------+--------+--------+--------+--------+-----+--------+
         Total |   1657 |   1616 |     41 |      0 |    722 |   4 |  414.2 |
       Dungeon |   1657 |   1616 |     41 |      0 |    722 |   4 |  414.2 |
               +--------+--------+--------+--------+--------+-----+--------+

Top non-repeatable levels by time:
     D:2: 669 daAuts
     D:3: 635 daAuts
     D:4: 205 daAuts
     D:1: 146 daAuts
